 Dungeon Crawl Stone Soup version 0.28-a0-1447-ga5a8893891 (webtiles) character file.

Game seed: 15383832442285367089

344494 browni3141 the Peltast (level 23, -14/168 (169) HPs)
             Began as a Human Fighter on Jan 10, 2022.
             Was a High Priest of Okawaru.
             Demolished by an ironbound frostheart (23 damage)
             ... on level 1 of the Vaults on Jan 11, 2022.
             The game lasted 01:59:11 (32804 turns).

browni3141 the Peltast (Human Fighter)             Turns: 32804, Time: 01:59:12

HP:   -14/168 (169) AC: 23    Str: 19      XL:     23   Next: 44%
MP:   33/33         EV: 39    Int:  8 (9)  God:    Okawaru [*****.]
Gold: 140           SH:  0    Dex: 38      Spells: 28/32 levels left

rFire   + + +      SeeInvis +   b - +3 demon blade (freeze)
rCold   + + +      Faith    .   c - +3 kite shield {rN+}
rNeg    + . .      Spirit   .   v - +4 leather armour of Golep {Dex+9}
rPois   +          Reflect  +   s - +2 helmet
rElec   +          Harm     .   e - +2 cloak
rCorr   +          Rampage  .   O - +2 pair of gloves
Will    +....                   H - +0 pair of boots of Jocoipniow {rElec}
Stlth   +++.......              g - amulet of the Establishment {Reflect *Corrode rF+++ Regen+ Dex+2 SH+5}
HPRegen 1.18/turn               F - ring "Ynimedu" {rC+++ Will- rCorr AC+4 Dex+6}
MPRegen 0.23/turn               Q - ring of the Blind Eye {Drain rPois Will+ SInv}

@: confused, heroic, ambrosia-drunk, lightly drained
A: no striking features
}: 1/15 runes: abyssal
a: Renounce Religion, Heroism, Finesse, Duel


You were on level 1 of the Vaults.
You worshipped Okawaru.
Okawaru was extremely pleased with you.
You visited 8 branches of the dungeon, and saw 28 of its levels.
You visited the Abyss 2 times.
You also visited: Gauntlet, Volcano and Wizlab.

You collected 2901 gold pieces.
You spent 2761 gold pieces at shops.

Inventory:

Hand Weapons
 a - the +7 captain's cutlass {speed, disarm}
   (You found it on level 3 of the Elven Halls)

   Attacks with this weapon are significantly faster.
   It may disarm weapon-wielding foes when striking them, dealing extra damage
   in the process.
 b - a +3 demon blade of freezing (weapon)
 f - a +0 giant club {!d}
 j - a +0 giant club {!d}
 k - the +5 short sword "Lytsaplo" {vorpal, Fly rN+ Will+}
   (You found it on level 5 of the Dungeon)

   It inflicts extra damage upon your enemies.
   rN:        It protects you from negative energy.
   Fly:       It grants you flight.
   Will:      It increases your willpower.
 w - a +0 giant club {!d}
 z - a +0 giant spiked club {!d}
 A - a +0 giant club {!d}
 B - a +0 giant spiked club {!d}
 N - a +0 giant club {!d}
 U - a +0 giant club {!d}
 W - a +0 giant club {!d}
Missiles
 m - 8 throwing nets
 C - 70 poisoned darts (quivered)
 K - a curare-tipped dart
 Z - 8 atropa-tipped darts
Armour
 c - a +3 kite shield of positive energy (worn)
 e - a +2 cloak (worn)
 s - a +2 helmet (worn)
 v - the +4 leather armour of Golep (worn) {Dex+9}
   (You found it on level 5 of the Dungeon)

   Dex:       It affects your dexterity (+9).
 G - a +2 tower shield of reflection
 H - the +0 pair of boots of Jocoipniow (worn) {rElec}
   (You found it in a Gauntlet)

   rElec:     It insulates you from electricity.
 O - a +2 pair of gloves (worn)
Jewellery
 g - the amulet of the Establishment (around neck) {Reflect *Corrode rF+++ Regen+ Dex+2 SH+5}
   (You bought it in a shop on level 2 of the Orcish Mines)

   [amulet of reflection]

   It reflects blocked missile attacks.
   Dex:       It affects your dexterity (+2).
   rF:        It renders you almost immune to fire.
   Regen:     It increases your rate of health regeneration.
   *Corrode:  It may corrode you when you take damage.
   SH:        It affects your SH (+5).
 p - a ring of positive energy
 F - the ring "Ynimedu" (left hand) {rC+++ Will- rCorr AC+4 Dex+6}
   (You bought it in a shop on level 2 of the Elven Halls)

   [ring of protection]

   AC:        It affects your AC (+4).
   Dex:       It affects your dexterity (+6).
   rC:        It renders you almost immune to cold.
   rCorr:     It protects you from acid and corrosion.
   Will:      It decreases your willpower.
 Q - the ring of the Blind Eye (right hand) {Drain rPois Will+ SInv}
   (You found it on level 12 of the Dungeon)

   [ring of see invisible]

   rPois:     It protects you from poison.
   SInv:      It lets you see invisible.
   Drain:     It drains your maximum health when unequipped.
   Will:      It increases your willpower.
Wands
 h - a wand of paralysis (5)
 u - a wand of flame (1)
 y - a wand of digging (23)
 I - a wand of polymorph (4)
 S - a wand of iceblast (10)
Scrolls
 l - a scroll of blinking
 n - 3 scrolls of magic mapping
 o - 4 scrolls of teleportation
 r - 7 scrolls of vulnerability
 D - 3 scrolls of amnesia
 E - 3 scrolls of fog
 X - 5 scrolls of identify
Potions
 d - a potion of flight
 i - 3 potions of haste
 t - 2 potions of curing
 x - 4 potions of mutation
 J - a potion of berserk rage
 M - a potion of magic
 P - 6 potions of ambrosia
 R - 3 potions of invisibility
 T - 3 potions of brilliance
 V - 2 potions of cancellation
Miscellaneous
 q - a condenser vane


   Skills:
 - Level 11.5(16.5) Fighting
 - Level 14.5(19.5) Long Blades
 - Level 7.5(12.5) Slings
 - Level 3.0(8.0) Armour
 - Level 14.5(19.5) Dodging
 + Level 13.8(18.8) Stealth
 + Level 16.5(21.5) Shields
 - Level 5.2 Spellcasting
 - Level 6.0 Hexes
 - Level 6.0 Translocations
 + Level 13.8 Invocations
 - Level 6.0 Evocations


You had 28 spell levels left.
You knew the following spells:

 Your Spells              Type           Power      Damage    Failure   Level
a - Portal Projectile     Hex/Tloc       22%        N/A       10%         3
b - Apportation           Tloc           22%        N/A       3%          1

Your spell library contained the following spells:

 Spells                   Type           Power      Damage    Failure   Level
 Gell's Gravitas          Tloc           11%        N/A       10%         3
 Lesser Beckoning         Tloc           11%        N/A       10%         3
 Teleport Other           Tloc           11%        N/A       10%         3
 Ensorcelled Hibernation  Hex/Ice        12%        N/A       17%         2
 Inner Flame              Hex/Fire       6%         N/A       32%         3
 Foxfire                  Conj/Fire      8%         2x1d4     36%         1
 Magic Dart               Conj           8%         1d3       36%         1
 Pain                     Necr           8%         1d4       36%         1
 Corpse Rot               Necr/Air       4%         N/A       50%         2
 Searing Ray              Conj           4%         2d4       50%         2
 Static Discharge         Conj/Air       2%         N/A       50%         2
 Sublimation of Blood     Necr           2%         N/A       50%         2
 Wereblood                Tmut           2%         N/A       50%         2
 Anguish                  Hex/Necr       3%         N/A       73%         4
 Fulminant Prism          Conj/Hex       3%         3d6       73%         4
 Iskenderun's Mystic Bla  Conj/Tloc      6%         2d4       73%         4
 Conjure Flame            Conj/Fire      2%         6-21      75%         3
 Ignite Poison            Fire/Tmut/Pois 2%         N/A       75%         3
 Spider Form              Tmut/Pois      2%         N/A       75%         3
 Vampiric Draining        Necr           2%         2d6       75%         3
 Airstrike                Air            1%         N/A       98%         4
 Dispel Undead            Necr           2%         3d7       98%         4
 Flame Wave               Conj/Fire      2%         2d4       98%         4
 Petrify                  Tmut/Erth      2%         N/A       98%         4
 Sticky Flame             Conj/Fire      2%         2d3       98%         4
 Alistair's Intoxication  Tmut/Pois      1%         N/A       100%        5
 Blade Hands              Tmut           1%         N/A       100%        5
 Borgnjor's Vile Clutch   Necr/Erth      1%         N/A       100%        5
 Excruciating Wounds      Necr           1%         N/A       100%        5
 Irradiate                Conj/Tmut      1%         3d14      100%        5
 Lee's Rapid Deconstruct  Erth           1%         3d5*      100%        5
 Lightning Bolt           Conj/Air       1%         1d12      100%        5
 Conjure Ball Lightning   Conj/Air       1%         3x3d6     100%        6
 Discord                  Hex            5%         N/A       100%        8
 Disjunction              Tloc           5%         N/A       100%        8
 Maxwell's Capacitive Co  Air            1%         ∞         100%        8
 Necromutation            Tmut/Necr      1%         N/A       100%        8
 Chain Lightning          Conj/Air       1%         3d1       100%        9
 Fire Storm               Conj/Fire      1%         7d1       100%        9
 Shatter                  Erth           1%         3d5*      100%        9
 Summon Guardian Golem    Hex/Summ       Unusable   N/A       N/A         3
 Animate Skeleton         Necr           Unusable   N/A       N/A         1
 Summon Small Mammal      Summ           Unusable   N/A       N/A         1
 Call Canine Familiar     Summ           Unusable   N/A       N/A         3
 Animate Dead             Necr           Unusable   N/A       N/A         4
 Death Channel            Necr           Unusable   N/A       N/A         6
 Summon Hydra             Summ           Unusable   N/A       N/A         7

Dungeon Overview and Level Annotations

Branches:
Dungeon (13/15)            Temple (1/1) D:6            Lair (6/6) D:10
  Swamp (1/4) Lair:3       Spider (1/4) Lair:3        Slime (0/5) Lair:5
    Orc (2/2) D:12            Elf (3/3) Orc:2        Vaults (1/5) D:13
Volcano (visited)          WizLab (visited)         Gauntlet (visited)

Altars:
Ashenzari
Cheibriados
Dithmenos
Elyvilon
Fedhas
Gozag
Hepliaklqana
Kikubaaqudgha
Makhleb
Nemelex Xobeh
Okawaru
Qazlal
Ru
Sif Muna
Trog
Uskayaw
Vehumet
Wu Jian
Xom
Yredelemnul
Zin
The Shining One
Beogh

Shops:
D:9 !   Orc:2 ==(?*   Elf:2 =   Elf:3 !=

Annotations:
D:1 exclusion: downstairs
D:4 1 runed translucent door, Crazy Yiuf
D:11 2 exclusions
Spider:1 Roxanne
Vaults:1 Aizul


Message History

The ironbound frostheart is severely wounded.
An ironbound thunderhulk comes into view.
It is wielding a +0 dire flail.
The vault sentinel blows a loud note on a signal horn!
Unknown command.
You hit the ironbound frostheart but do no damage.
The ironbound frostheart is severely wounded.
The ironbound frostheart completely misses you.
You block the orc warlord's attack. You block the vault warden's attack.
A tengu reaver comes into view.
It is wielding a +0 battleaxe of electrocution.
Unknown command.
You slice the ironbound frostheart!! You freeze the ironbound frostheart.
The ironbound frostheart is almost dead.
The ironbound preserver mumbles some strange words.
The ironbound preserver begins to accept its allies' injuries.
Electricity crackles from the ironbound thunderhulk's apparatus.
The bolt of lightning hits you! You resist.
* * * LOW HITPOINT WARNING * * *
The vault sentinel blows a loud note on a signal horn!
You block the ironbound frostheart's attack.
The orc warlord hits you with a +2 long sword of protection!
* * * LOW HITPOINT WARNING * * *
You hear a horrible gurgling sound!
Unknown command.
Unknown command.
You are confused.
You feel invigorated.
The vault warden hits you with a +0 great sword!!
* * * LOW HITPOINT WARNING * * *
Strange energies crackle from the ironbound thunderhulk's apparatus.
The ironbound thunderhulk blinks!
The vault sentinel blows a loud note on a signal horn!
The ironbound frostheart misses you. The orc warlord completely misses you.
You hear a horrible gurgling sound!
You hear a shout!
Unknown command.
You bump into the stone wall.
The vault warden hits you with a +0 great sword!!
* * * LOW HITPOINT WARNING * * *
The vault sentinel blows a loud note on a signal horn!
The ironbound frostheart touches you!!
You die...

**,,,,...,,,,***,,,,,,,,,,,,
*,,,,##.##,,,,**,,,,,,,,,,,,
*,*,,#...#,,*,**,,,,,,,>,,,,
*∩,,*#.8.#*,,∩**,,,,,,,,,,,,
*****#...#******,,,,,,,,,,,,
############Q### *,,,,,,,,,,,,
...............# *,,,,,,,,,,,,
.............Tp########+#********
.....>........Op@pppo...#****
...............#o#p#p.....,,*
...............#####*..#..,,*
####'###########*,,,,,...,,,*
###.......# *,,,,,,.##****
..#.##.##.# *,,,,,,,..,*,*
..#.......# *****,,,,.,,,*
..#.#..##### **********
....#......#


You could see an orc warlord (strong, sheltered), an ironbound preserver, a
vault warden (sheltered), an ironbound thunderhulk (sheltered), a tengu reaver
(sheltered), an orc knight (strong), an ironbound frostheart (strong), a deep
troll (sheltered), 3 vault sentinels and an ironbound convoker.

Vanquished Creatures
  An ancient lich (Abyss:4)
  A tentacled monstrosity (Abyss:4)
  2 deep elf blademasters (Elf:3)
  4 deep elf master archers
  The ghost of SirDiesAlot the Warrior, an adept DjCj of Gozag (Elf:1)
  5 tentacled starspawn
  A thorn hunter (WizLab)
  3 fenstrider witches (WizLab)
  3 vault wardens (Vaults:1)
  4 deep elf sorcerers
  3 ghouls (Lair:3)
  6 deep elf elementalists
  3 ironbound preservers (Vaults:1)
  5 very ugly things
  3 eleionomae
  6 deep elf demonologists (Elf:3)
  A minotaur (Gauntlet)
  8 deep elf annihilators
  3 bunyips (Lair:3)
  The ghost of Vior the Peltast, a journeyman MiFi of Trog (Lair:3)
  12 deep elf death magi (Elf:3)
  A green death (Gauntlet)
  Snorg (Lair:5)
  An eidolon (Abyss:2)
  An ettin (D:11)
  A yaktaur captain (D:11)
  3 deep elf high priests
  2 shambling mangroves (WizLab)
  Harold (Lair:1)
  A great orb of eyes (Vaults:1)
  A vault guard (Vaults:1)
  3 boulder beetles
  The ghost of blackman the Carver, a journeyman HuWn of the Shining One (D:10)
  13 hydras
  2 ogre magi
  4 catoblepae
  2 satyrs (WizLab)
  4 centaur warriors
  A two-headed ogre (shapeshifter) (D:11)
  A death knight (D:12)
  An alligator (Lair:3)
  4 two-headed ogres (D:12)
  3 death yaks (Lair:6)
  28 dancing weapons
  2 tengu warriors (D:13)
  2 orc high priests (Orc:2)
  Nergalle (Orc:1)
  Urug (Lair:1)
  A thrashing horror (Abyss:2)
  4 naga sharpshooters (WizLab)
  16 deep elf knights
  A hell knight (Volcano)
  4 wretched stars
  A spriggan druid (Lair:3)
  A skeletal warrior (D:12)
  2 swamp dragons
  10 deep trolls (Vaults:1)
  A glowing orange brain (D:13)
  A phantasmal warrior (D:12)
  A wizard (Vaults:1)
  16 deep elf archers
  4 orc knights (Orc:2)
  3 ironbound convokers (Vaults:1)
  A bog body (Swamp:1)
  The ghost of southernslant the Digger, a novice GrEE (D:6)
  An obsidian statue (Elf:1)
  28 deep elf zephyrmancers
  2 lindwurms (Lair:6)
  5 harpies (Vaults:1)
  2 orc sorcerers (Orc:2)
  27 deep elf pyromancers
  4 manticores
  8 ugly things
  3 oklob plants (WizLab)
  5 cyclopes
  3 fauns (WizLab)
  A vault sentinel (Vaults:1)
  14 starcursed masses
  8 elephants
  2 apocalypse crabs (Abyss:2)
  A guardian serpent (Abyss:2)
  A torpor snail (Lair:6)
  5 black mambas
  15 cane toads
  An unseen horror (shapeshifter) (D:13)
  An unseen horror (D:9)
  2 kobold demonologists (D:12)
  2 freezing wraiths
  14 komodo dragons
  13 yaktaurs
  6 rime drakes (Lair:6)
  A queen bee (D:10)
  2 tyrant leeches
  3 hornets
  Grinder (D:6)
  10 slime creatures
  2 trolls
  2 dream sheep (Lair:6)
  3 small abominations (Abyss:2)
  9 raiju
  A snapping turtle (shapeshifter) (D:13)
  10 blink frogs
  5 large abominations
  5 jumping spiders (Lair:3)
  An air elemental (Elf:2)
  A black mamba zombie (Abyss:2)
  4 fire elementals
  4 wraiths
  4 water elementals
  3 shadows
  5 fire bats (Volcano)
  2 vampires
  6 wyverns
  Eustachio (D:6)
  19 yaks
  4 redbacks
  A neqoxec (Abyss:2)
  3 ynoxinuls
  5 basilisks
  3 steam dragons
  2 chaos spawn
  A warg (Orc:1)
  13 vampire mosquitoes
  2 acid dragons
  5 swamp worms
  18 water moccasins
  20 orc warriors
  A swamp drake (Volcano)
  7 black bears
  7 ogres
  3 wolves (Lair:6)
  5 centaurs
  2 necrophages
  2 phantoms
  Blork the orc (D:6)
  14 bullfrogs
  4 elf zombies (Elf:3)
  2 kobold brigands
  A gnoll sergeant (D:9)
  8 scorpions
  2 earth elementals (Elf:1)
  A wyvern zombie (D:8)
  A wyvern skeleton (D:4)
  23 killer bees (D:10)
  7 wights
  4 electric eels
  A spectral centaur (D:6)
  A bullfrog zombie (D:5)
  2 centaur zombies
  9 lava snakes
  4 hounds
  20 orc priests
  8 jellies
  2 bullfrog skeletons
  2 centaur skeletons
  4 iguanas
  An iron imp (Abyss:4)
  Jessica (D:2)
  2 gnoll shamans
  20 orc wizards
  A centaur simulacrum (D:6)
  2 hound skeletons (D:4)
  A howler monkey zombie (D:6)
  31 gnolls
  10 adders
  2 white imps
  An ufetubus (Abyss:2)
  An adder skeleton (D:3)
  5 worms
  A dart slug (D:1)
  60 orcs
  8 bats
  5 endoplasms
  2 giant cockroaches
  6 goblins
  4 hobgoblins
  7 jackals
  17 kobolds
  5 quokkas
  5 ball pythons
  A frilled lizard (D:2)
  7 rats
  A lurking horror (Abyss:4)
940 creatures vanquished.

Vanquished Creatures (others)
  An orc high priest (Orc:2)
  A deep elf pyromancer (Elf:2)
  A deep elf zephyrmancer (Elf:1)
  An orc sorcerer (Orc:2)
  A bloated husk (Swamp:1)
  A blink frog (Lair:6)
  A water elemental (Elf:3)
  A bullfrog (Lair:5)
  An iguana (Lair:3)
  2 orc wizards
  34 fungi
  30 plants
  12 starspawn tentacles
  10 withered plants (Gauntlet)
97 creatures vanquished.

Grand Total: 1037 creatures vanquished

Notes
Turn   | Place    | Note
-------+----------+-------------------------------------------
     0 | D:1      | browni3141 the Human Fighter began the quest for the Orb.
     0 | D:1      | Reached XP level 1. HP: 18/18 MP: 1/1
   249 | D:1      | Reached XP level 2. HP: 17/24 MP: 2/2
  1026 | D:1      | Reached XP level 3. HP: 29/29 MP: 3/3
  1270 | D:1      | Reached skill level 4 in Shields
  1686 | D:2      | Reached XP level 4. HP: 28/35 MP: 4/4
  1808 | D:2      | Noticed Jessica
  1820 | D:2      | Killed Jessica
  2190 | D:1      | Reached XP level 5. HP: 41/41 MP: 5/5
  2557 | D:2      | Reached skill level 5 in Shields
  3076 | D:3      | Noticed a water moccasin
  3076 | D:3      | Found a faded altar of an unknown god.
  3280 | D:3      | Reached XP level 6. HP: 39/47 MP: 6/6
  3840 | D:4      | Reached skill level 6 in Shields
  3840 | D:4      | Reached XP level 7. HP: 30/52 MP: 7/7
  4101 | D:4      | Reached skill level 1 in Slings
  4511 | D:4      | Reached skill level 5 in Long Blades
  4615 | D:4      | Found a runed translucent door.
  4616 | D:4      | Noticed Crazy Yiuf
  4866 | D:5      | Entered Level 5 of the Dungeon
  5276 | D:5      | Reached XP level 8. HP: 54/58 MP: 8/8
  5314 | D:5      | Identified the +4 leather armour of Golep {Dex+9}
  5535 | D:5      | Identified the +5 short sword "Lytsaplo" {vorpal, Fly rN+
                  | Will+}
  5600 | D:5      | Reached skill level 5 in Slings
  5600 | D:5      | Noticed a yak
  5607 | D:5      | Noticed a yak
  5607 | D:5      | Noticed a yak
  5608 | D:5      | Noticed a yak
  5620 | D:4      | Killed a yak
  5621 | D:4      | Reached skill level 1 in Dodging
  5630 | D:4      | Killed a yak
  5647 | D:5      | Noticed a yak
  5648 | D:5      | Noticed a yak
  5660 | D:4      | Killed a yak
  5750 | D:5      | Killed a yak
  5751 | D:5      | Reached XP level 9. HP: 56/66 MP: 9/9
  5777 | D:5      | Reached skill level 5 in Fighting
  5777 | D:5      | Reached skill level 5 in Dodging
  6539 | D:3      | Reached skill level 1 in Stealth
  6895 | D:6      | Noticed Blork the orc
  6899 | D:6      | Killed Blork the orc
  7049 | D:6      | Reached skill level 7 in Shields
  7062 | D:6      | Found a runed translucent gate.
  7063 | D:6      | Found a runed translucent gate.
  7063 | D:6      | Found a runed translucent gate.
  7082 | D:6      | Identified the +1 leather armour of Hoamupn {+Blink Int+4}
  7088 | D:6      | Noticed southernslant's ghost (novice GrEE)
  7103 | D:6      | Found a staircase to the Ecumenical Temple.
  7112 | Temple   | Entered the Ecumenical Temple
  7237 | Temple   | Became a worshipper of Warmaster Okawaru
  7355 | D:6      | Reached skill level 5 in Stealth
  7432 | D:6      | Reached XP level 10. HP: 74/74 MP: 10/10
  7515 | D:6      | Noticed Grinder
  7538 | D:6      | Killed Grinder
  7613 | D:6      | Noticed Eustachio
  7620 | D:6      | Killed Eustachio
  8040 | D:6      | Reached * piety under Okawaru
  8151 | D:7      | Reached skill level 8 in Shields
  8496 | D:7      | Reached skill level 1 in Invocations
  8950 | D:8      | Noticed a five-headed hydra
  8959 | D:8      | Killed a five-headed hydra
  8959 | D:8      | Reached ** piety under Okawaru
  9600 | D:8      | You are sucked into a shaft and drop 2 floors!
  9600 | D:10     | Entered Level 10 of the Dungeon
  9679 | D:10     | Found a runed translucent gate.
  9679 | D:10     | Found a runed translucent gate.
  9679 | D:10     | Found a runed translucent gate.
  9684 | D:10     | Noticed blackman's ghost (journeyman HuWn)
  9698 | D:10     | Reached XP level 11. HP: 79/79 MP: 12/14
  9846 | D:10     | Reached *** piety under Okawaru
  9945 | D:10     | Found a staircase to the Lair.
 10210 | D:10     | Found a hide-covered altar of Uskayaw.
 10214 | D:10     | Found a glowing golden altar of the Shining One.
 10215 | D:10     | Found a shimmering blue altar of Sif Muna.
 10217 | D:10     | Found a radiant altar of Vehumet.
 10301 | D:10     | Reached skill level 5 in Invocations
 10691 | D:9      | Found Gipn's Distillery.
 10699 | D:9      | Bought a potion of haste for 140 gold pieces
 10699 | D:9      | Bought a potion of invisibility for 112 gold pieces
 10779 | D:9      | Reached **** piety under Okawaru
 11982 | D:11     | Noticed a cyclops
 11999 | D:11     | Killed a cyclops
 12000 | D:11     | Reached skill level 9 in Shields
 12054 | D:11     | Noticed a manticore
 12059 | D:11     | Killed a manticore
 12208 | D:11     | Received a gift from Okawaru
 12221 | D:11     | Reached XP level 12. HP: 80/86 MP: 17/17
 12455 | D:11     | Noticed an ogre mage
 12477 | D:11     | Killed an ogre mage
 12477 | D:11     | Reached ***** piety under Okawaru
 12490 | D:11     | Noticed an eight-headed hydra
 12496 | D:11     | Noticed a two-headed ogre
 12496 | D:11     | a polar bear changed into a two-headed ogre
 12507 | D:11     | Killed a two-headed ogre
 12514 | D:11     | Killed an eight-headed hydra
 12563 | D:11     | Noticed an ettin
 12563 | D:11     | Noticed a yaktaur captain
 12566 | D:11     | Killed an ettin
 12569 | D:11     | Killed a yaktaur captain
 12576 | D:11     | Noticed a fire giant
 12576 | D:11     | Noticed a fire giant
 12576 | D:11     | Noticed a flayed ghost
 12680 | Lair:1   | Entered Level 1 of the Lair of Beasts
 12687 | Lair:1   | Identified the +1 robe of Too Many Cooks {*Slow rElec
                  | Dex+5} (Okawaru gifted it to you on level 1 of the Lair of
                  | Beasts)
 12687 | Lair:1   | Received a gift from Okawaru
 12749 | Lair:1   | Found a dark tunnel.
 12814 | Volcano  | Entered a volcano
 13055 | Volcano  | Reached skill level 10 in Shields
 13231 | Volcano  | Noticed a centaur warrior
 13237 | Volcano  | a centaur warrior changed into a redback
 13237 | Volcano  | Noticed a hell knight
 13327 | Volcano  | Killed a hell knight
 13386 | Volcano  | Found a bloodstained altar of Trog.
 13413 | Volcano  | Found a burning altar of Makhleb.
 13464 | Lair:1   | Noticed Harold
 13485 | Lair:1   | Killed Harold
 13640 | Lair:1   | Reached XP level 13. HP: 88/95 MP: 19/19
 13787 | Lair:1   | Noticed Urug
 13920 | Lair:1   | Killed Urug
 14596 | Lair:2   | Noticed a catoblepas
 14599 | Lair:2   | Killed a catoblepas
 15380 | Lair:3   | Noticed a four-headed hydra
 15400 | Lair:3   | Killed a four-headed hydra
 15400 | Lair:3   | Received a gift from Okawaru
 15436 | Lair:3   | Found a hole to the Spider Nest.
 15547 | Lair:3   | Noticed a catoblepas
 15590 | Lair:3   | Killed a catoblepas
 15668 | Lair:3   | Found a staircase to the Swamp.
 16338 | Lair:3   | Found a runed translucent door.
 16342 | Lair:3   | Noticed Vior's ghost (journeyman MiFi)
 16368 | Lair:3   | Killed Vior's ghost
 16388 | Lair:3   | Noticed a six-headed hydra
 16406 | Lair:3   | Killed a six-headed hydra
 17103 | Lair:4   | Noticed a four-headed hydra
 17112 | Lair:4   | Killed a four-headed hydra
 17112 | Lair:4   | Received a gift from Okawaru
 17195 | Lair:4   | Reached XP level 14. HP: 105/105 MP: 21/21
 17387 | Lair:4   | Reached skill level 11 in Shields
 17519 | Lair:4   | Learned a level 3 spell: Portal Projectile
 17772 | Lair:4   | Reached skill level 1 in Hexes
 17772 | Lair:4   | Reached skill level 1 in Translocations
 18400 | Lair:5   | Received a gift from Okawaru
 18637 | Lair:5   | Received a gift from Okawaru
 18744 | Lair:5   | Found a staircase to the Slime Pits.
 18844 | Lair:5   | Noticed Snorg
 18885 | Lair:5   | Killed Snorg
 19022 | Lair:5   | Received a gift from Okawaru
 19361 | Lair:6   | Entered Level 6 of the Lair of Beasts
 19528 | Lair:6   | Reached skill level 12 in Shields
 19717 | Lair:6   | Reached skill level 1 in Spellcasting
 19772 | Lair:6   | Reached skill level 1 in Evocations
 19944 | Lair:6   | Got the Handbook of Unstable Unholy Rituals
 20056 | Lair:6   | Received a gift from Okawaru
 20261 | Lair:6   | Reached ****** piety under Okawaru
 20336 | Lair:6   | Identified the -4 pair of boots of Ankaiti {rElec} (Okawaru
                  | gifted it to you on level 6 of the Lair of Beasts)
 20336 | Lair:6   | Received a gift from Okawaru
 20337 | Lair:6   | Reached XP level 15. HP: 92/110 MP: 20/22
 20375 | Lair:6   | Reached skill level 10 in Invocations
 20758 | Swamp:1  | Entered Level 1 of the Swamp
 20758 | Swamp:1  | Noticed a ghoul
 20758 | Swamp:1  | Noticed a ghoul
 20759 | Swamp:1  | Noticed a ghoul
 20797 | Lair:3   | Killed a ghoul
 20798 | Lair:3   | Reached skill level 10 in Long Blades
 20798 | Lair:3   | Reached skill level 10 in Stealth
 20798 | Lair:3   | Reached skill level 5 in Hexes
 20798 | Lair:3   | Reached skill level 5 in Translocations
 20880 | Lair:3   | Killed a ghoul
 20881 | Lair:3   | Reached skill level 10 in Dodging
 20989 | Lair:3   | Killed a ghoul
 21169 | Swamp:1  | Noticed a thorn hunter
 21612 | Spider:1 | Entered Level 1 of the Spider Nest
 21612 | Spider:1 | Identified Roxanne's Papyrus of Stones
 21612 | Spider:1 | Noticed Roxanne
 21730 | D:10     | Killed blackman's ghost
 21875 | D:6      | Killed southernslant's ghost
 22169 | D:12     | Identified the ring of the Blind Eye {Drain rPois Will+
                  | SInv}
 22219 | D:12     | Found a gate leading to a gauntlet.
 22250 | Gauntlet | Entered a Gauntlet
 22250 | Gauntlet | Found a transporter.
 22250 | Gauntlet | Found a transporter.
 22252 | Gauntlet | Found a transporter.
 22254 | Gauntlet | Found a transporter.
 22256 | Gauntlet | Found a large runed translucent door.
 22257 | Gauntlet | Found a large runed translucent door.
 22258 | Gauntlet | Found a large runed translucent door.
 22258 | Gauntlet | Found a large runed translucent door.
 22258 | Gauntlet | Found a runed translucent door.
 22258 | Gauntlet | Found a runed translucent door.
 22259 | Gauntlet | Found a large runed translucent door.
 22259 | Gauntlet | Found a large runed translucent door.
 22259 | Gauntlet | Found a large runed translucent door.
 22259 | Gauntlet | Found a large runed translucent door.
 22260 | Gauntlet | Found a large runed translucent door.
 22261 | Gauntlet | Found a large runed translucent door.
 22265 | Gauntlet | Found a transporter.
 22265 | Gauntlet | Found a transporter.
 22272 | Gauntlet | Found a large runed translucent door.
 22272 | Gauntlet | Found a large runed translucent door.
 22272 | Gauntlet | Found a large runed translucent door.
 22273 | Gauntlet | Found a runed translucent gate.
 22275 | Gauntlet | Found a transporter.
 22275 | Gauntlet | Noticed a cacodemon
 22279 | Gauntlet | Found a transporter.
 22290 | Gauntlet | Found a transporter.
 22290 | Gauntlet | Found a transporter.
 22290 | Gauntlet | Found a runed translucent gate.
 22291 | Gauntlet | Found a runed translucent gate.
 22292 | Gauntlet | Found a large runed translucent door.
 22293 | Gauntlet | Found a large runed translucent door.
 22294 | Gauntlet | Found a large runed translucent door.
 22305 | Gauntlet | Found a transporter.
 22328 | Gauntlet | Found a transporter.
 22482 | Gauntlet | Identified the +0 pair of boots of Jocoipniow {rElec}
 22550 | Gauntlet | Identified the +3 leather armour "Muofiosch" {rElec rN+++
                  | Str-5 Slay-6}
 22550 | Gauntlet | Identified the +0 robe of Satisfaction {+Inv rC+++ MP+9
                  | Str-4}
 22584 | Gauntlet | Got the Compendium of Mutagenic Air
 22611 | D:12     | Received a gift from Okawaru
 22991 | D:12     | Found a staircase to the Orcish Mines.
 23027 | D:12     | Reached XP level 16. HP: 120/120 MP: 22/24
 23028 | D:12     | Reached skill level 5 in Evocations
 23028 | D:12     | Reached XP level 17. HP: 126/126 MP: 22/25
 23029 | D:12     | Reached skill level 5 in Spellcasting
 23029 | D:12     | Reached XP level 18. HP: 133/133 MP: 22/26
 23410 | Orc:1    | Entered Level 1 of the Orcish Mines
 23420 | Orc:1    | Reached XP level 19. HP: 138/138 MP: 24/27
 23611 | Orc:2    | Entered Level 2 of the Orcish Mines
 23690 | Orc:2    | Found Janut's Overcharged Wands.
 23709 | Orc:2    | Found a staircase to the Elven Halls.
 24143 | Orc:2    | Received a gift from Okawaru
 24148 | Orc:2    | Found Qusmu's Magic Scroll Shop.
 24148 | Orc:2    | Found Kuvahot's Weapon Emporium.
 24151 | Orc:2    | Found San Nano's Jewellery Emporium.
 24151 | Orc:2    | Found Voirchaj's Jewellery Shop.
 24183 | Orc:2    | Bought the amulet of the Establishment {Reflect *Corrode
                  | rF+++ Regen+ Dex+2 SH+5} for 1129 gold pieces
 24316 | Orc:1    | Noticed Nergalle
 24333 | Orc:1    | Killed Nergalle
 24463 | Elf:1    | Entered Level 1 of the Elven Halls
 24499 | Elf:1    | Reached skill level 10 in Fighting
 24805 | Elf:1    | Received a gift from Okawaru
 24912 | Elf:1    | Found a runed translucent gate.
 24913 | Elf:1    | Found a runed translucent gate.
 24913 | Elf:1    | Found an opulent altar of Gozag.
 24915 | Elf:1    | Found a runed translucent gate.
 25345 | Elf:1    | Received a gift from Okawaru
 25674 | Elf:1    | Received a gift from Okawaru
 25746 | Elf:1    | Noticed SirDiesAlot's ghost (adept DjCj)
 25862 | Elf:2    | Reached skill level 13 in Shields
 26043 | Elf:2    | Found Gaeh's Jewellery Boutique.
 26366 | Elf:2    | Paralysed by an air elemental for 1 turns
 26370 | Elf:2    | Paralysed by an air elemental for 1 turns
 26373 | Elf:2    | Reached skill level 14 in Shields
 26796 | Elf:2    | Found a huge runed translucent gate.
 26796 | Elf:2    | Found a huge runed translucent gate.
 26796 | Elf:2    | Found a huge runed translucent gate.
 26796 | Elf:2    | Found a huge runed translucent gate.
 26799 | Elf:2    | Found a huge runed translucent gate.
 26978 | Elf:2    | Reached skill level 15 in Shields
 27005 | Elf:2    | Reached XP level 20. HP: 82/151 MP: 25/28
 27189 | Arena    | Entered the Arena
 27350 | Elf:2    | Received a gift from Okawaru
 27613 | Elf:3    | Entered Level 3 of the Elven Halls
 27634 | Elf:3    | Found Deezaoni's Distillery.
 27760 | Elf:3    | Found Vuzunluf's Jewellery Boutique.
 28434 | Elf:3    | Cast into level 3 of the Abyss (a ghostly deep elf
                  | demonologist)
 28583 | Abyss:4  | Learned a level 1 spell: Apportation
 28637 | Abyss:4  | Noticed a tentacled monstrosity
 28656 | Abyss:4  | Killed a tentacled monstrosity
 28740 | Abyss:4  | Reached XP level 21. HP: 108/123 MP: 26/29
 28740 | Abyss:4  | Reached XP level 22. HP: 113/128 MP: 26/30
 28740 | Abyss:4  | Got an abyssal rune of Zot
 28786 | Abyss:4  | Noticed an ancient lich
 28824 | Abyss:4  | Killed an ancient lich
 28838 | Elf:3    | Escaped the Abyss
 28882 | Elf:3    | Identified the +4 scale mail of Xom's Scorn {rElec}
 28972 | Elf:3    | Received a gift from Okawaru
 28975 | Elf:3    | Identified the +0 plate armour of the Gate {Str+2 Stlth+}
                  | (Okawaru gifted it to you on level 3 of the Elven Halls)
 28975 | Elf:3    | Received a gift from Okawaru
 29144 | Elf:3    | Identified the +5 mace of Ru's Approval {holy, rC+ Int+2
                  | Dex-2}
 29172 | Elf:3    | Found the +7 captain's cutlass {speed, disarm}
 29196 | Elf:3    | Identified the +0 kite shield "Elejil" {Int+4}
 29197 | Elf:3    | Identified the +7 arbalest of Gyengo {speed, Dex+4}
 29204 | Elf:3    | Identified the +7 glaive of Responsibility {vorpal, rF+
                  | rC++}
 29290 | Elf:3    | Identified the +6 great sword of Vipn {venom, Fly}
 29568 | Elf:1    | Killed SirDiesAlot's ghost
 29694 | Elf:2    | Bought the ring "Ynimedu" {rC+++ Will- rCorr AC+4 Dex+6}
                  | for 1380 gold pieces
 30247 | D:13     | Found a gate to the Vaults.
 30664 | Vaults:1 | Entered Level 1 of the Vaults
 30752 | Vaults:1 | Found Efodousk's General Store.
 30815 | Vaults:1 | Found a magical portal.
 30826 | WizLab   | Entered Eringya's Formal Garden
 31061 | WizLab   | Reached XP level 23. HP: 169/169 MP: 32/32
 31307 | WizLab   | Reached skill level 16 in Shields
 31345 | WizLab   | Identified the +4 flail of the Mind {pain, rF- rN+ Will+++
                  | Dex+3} (Okawaru gifted it to you in a wizard's laboratory)
 31345 | WizLab   | Received a gift from Okawaru
 31350 | WizLab   | Found a blossoming altar of Fedhas.
 32211 | Vaults:1 | Noticed Aizul
 32306 | Vaults:1 | Cast into level 2 of the Abyss (a wizard)
 32735 | Vaults:1 | Escaped the Abyss
 32804 | Vaults:1 | Demolished by an ironbound frostheart

Illustrated notes

Levels and vault maps discovered:
D:1:      dpeg_arrival_rhombus, layout_loops_corners
D:2:      layout_basic, st_stairs_3, serial_bayou_ford_a, uniq_jessica
D:3:      layout_loops_cross, basic_ecumenical_altar
D:4:      layout_loops_ring, uniq_crazy_yiuf_cottage
D:5:      layout_loops_ring
D:6:      layout_loops_ring, minmay_temple_entry_fiery,
          gammafunk_ghost_necromancy, uniq_grinder, uniq_eustachio,
          uniq_blork_the_orc
D:7:      layout_basic, dk_noncrumbling_2, serial_bayou_pond_e
D:8:      layout_basic
D:9:      layout_irregular_city, serial_shops, nicolae_diamond_shop,
          grunt_ministairs_7, kennysheep_generic_room_3
D:10:     layout_roguey, minitemple, grunt_lair_entry_orc_guard_hut,
          ebering_ghost_rock_garden, special_room [special_room_bee]
D:11:     minmay_sliced_demisemicircle, layout_cave_pools, evilmike_butchery
D:12:     old_forge, layout_long_grid, gauntlet_entry_generic,
          minmay_door_square, kennysheep_generic_room_5
D:13:     kennysheep_ambush_hall, layout_loops_cross, erik_vaults_1
Temple:   mainiacjoe_temple_coin_purse
Lair:1:   layout_hall_layers, nicolae_volcano_entry_hallway,
          beast_lair_carwin_8, serial_bayou_shore_a, grunt_megastairs_1,
          uniq_urug, uniq_harold
Lair:2:   layout_small_grid, minmay_stone_trees_medium
Lair:3:   layout_cave_pods, minmay_swamp_entry_reptiles,
          nicolae_spider_entry_tight_spaces, ebering_ghost_reflecting_pool,
          beast_lair_carwin_5
Lair:4:   layout_misc_corridors, chequers_serial_rivers_small_a,
          dreamdust_deal_with_the_devil, nicolae_lair_liquid_snakes,
          infiniplex_staircase_pool
Lair:5:   layout_cave_pods, nicolae_slime_entry_slimehenge, pond,
          lemuel_fruit_tree, uniq_snorg
Lair:6:   hangedman_lair_in_review, layout_long_grid, minivault_19
Swamp:1:  layout_basic_swamp, nicolae_swamp_ascending_descending
Spider:1: layout_spider_delve, nicolae_spider_scorpion_nest, uniq_roxanne
Orc:1:    layout_caves, uniq_nergalle
Orc:2:    grunt_orc_tribal_feast, layout_diamond_mine, basic_altar,
          nicolae_shop_overcharged_wands
Elf:1:    eino_elf_arrival_customs, layout_loops_cross, ebering_ghost_gozag,
          hangedman_elf_represent, nicolae_elf_glass_and_crystal_pillar_2
Elf:2:    elven_hall_of_blades_hangedman_alternative
          [nicolae_blade_entry_floor_patterns], layout_onion_city, serial_shops,
          nicolae_shop_temple_entry_statues_fountains, fountainhead,
          ebering_dispersal_statue_hall
Elf:3:    elf_hall, layout_geoelf_octagon, serial_shops, shop, shop,
          minmay_elf_necromancy
Vaults:1: mu_enter_wizlab_5, vaults_dpeg_encased_lava,
          hangedman_vaults_hard_town_square, v_misc_10, grunt_vaults_swirl,
          nicolae_vaults_little_squares_5, vaults_room_door_hall,
          ontoclasm_vaults_fault, vaults_room_pools, ontoclasm_vaults_shuriken,
          vaults_room_door_hall, hangedman_vaults_maws,
          ontoclasm_vaults_loading_screen, dpeg_vaults_monster_box,
          hangedman_vaults_stretched_pinwheel, layout_vaults_omnicross,
          serial_shops, shop, uniq_aizul

Skill      XL: |  1  2  3  4  5  6  7  8  9 10 11 12 13 14 15 16 17 18 19 20 21 22 23 |
---------------+----------------------------------------------------------------------+-----
Shields        | 4 5 6 7 8 9 10 12 15 16 | 16.5
Long Blades    | 3 4 5 7 8 9 10 11 13 14 | 14.5
Slings         | 3 5 7 |  7.5
Dodging        | 3 5 6 9 10 11 13 14 | 14.5
Fighting       | 4 5 6 8 9 11 | 11.5
Stealth        | 5 6 7 8 9 10 11 12 13 | 13.8
Invocations    | 4 7 8 9 10 11 12 13 | 13.8
Hexes          | 4 5 6 |  6.0
Translocations | 4 6 |  6.0
Spellcasting   | 2 4 5 |  5.2
Evocations     | 2 4 5 6 |  6.0
Armour         | |  3.0

Action                   |  1- 3 |  4- 6 |  7- 9 | 10-12 | 13-15 | 16-18 | 19-21 | 22-24 || total
-------------------------+-------+-------+-------+-------+-------+-------+-------+-------++-------
Melee: Long sword        |    95 |   154 |   135 |       |       |       |       |       ||   384
       Short sword       |       |       |   154 |   831 |  1233 |     2 |    46 |       ||  2266
       Scimitar          |       |       |       |       |   220 |       |       |       ||   220
       Demon blade       |       |       |       |       |   105 |    63 |   931 |   914 ||  2013
       Cutlass           |       |       |       |       |       |       |       |   245 ||   245
 Fire: Hunting sling     |       |       |   103 |   108 |   105 |       |    50 |       ||   366
Throw: Stone             |     6 |    15 |       |     1 |       |       |       |       ||    22
       Dart              |       |       |       |    24 |    10 |       |    14 |     4 ||    52
 Cast: Apportation       |       |       |       |       |       |       |     2 |       ||     2
Invok: Heroism           |       |       |       |    15 |    37 |     2 |    14 |     6 ||    74
       Finesse           |       |       |       |       |     6 |       |     2 |     2 ||    10
       Duel              |       |       |       |       |       |       |     1 |       ||     1
Evoke: Wand              |       |       |       |     5 |     8 |       |     4 |     5 ||    22
       Condenser vane    |       |       |       |       |       |       |     2 |     1 ||     3
  Use: Potion            |       |     2 |       |       |     8 |     2 |     4 |    11 ||    27
       Scroll            |       |       |     4 |    10 |    18 |       |     5 |     7 ||    44
 Stab: Sleeping          |       |       |     3 |    21 |    41 |       |    27 |    15 ||   107
       Distracted        |       |       |       |       |     5 |       |     2 |     5 ||    12
       Petrified         |       |       |       |       |     2 |       |       |       ||     2
       Petrifying        |       |       |       |       |     1 |       |       |       ||     1
       Paralysed         |       |       |       |       |     1 |       |       |     3 ||     4
       Confused          |       |       |       |       |       |       |       |     3 ||     3
Armor: Scale mail        |    63 |     2 |       |       |       |       |       |       ||    65
       Chain mail        |       |    81 |    58 |       |       |       |       |       ||   139
       Leather armour    |       |       |    44 |   248 |   352 |     9 |    76 |    56 ||   785
       Skin              |       |       |       |       |       |       |       |    15 ||    15
Dodge: Dodged            |    46 |    45 |   118 |   504 |  1277 |    43 |   362 |   367 ||  2762
Block: Buckler           |    27 |    50 |    90 |   313 |   726 |    18 |   207 |       ||  1431
       Kite shield       |       |       |       |       |       |       |   446 |   990 ||  1436
       Reflection        |       |       |       |       |       |       |    51 |    69 ||   120

Table legend: (Time is in decaauts)
 A = Elapsed time spent in this place.
 B = Non-inter-level travel time spent in this place.
 C = Inter-level travel time spent in this place.
 D = Time resting spent in this place.
 E = Time spent auto-exploring this place.
 F = Levels seen in this place.
 G = Mean time per level.
                   A        B        C        D        E       F      G
               +--------+--------+--------+--------+--------+-----+--------+
         Total |  31502 |  29036 |   2466 |   2221 |  16480 |  35 |  900.1 |
       Dungeon |  14585 |  13061 |   1524 |   1152 |   7950 |  13 | 1121.9 |
        Temple |    138 |    101 |     37 |      0 |     86 |   1 |  138.0 |
          Lair |   7852 |   7387 |    465 |    560 |   4394 |   6 | 1308.7 |
         Swamp |    122 |    122 |      0 |      0 |     25 |   1 |  122.0 |
   Spider Nest |      1 |      1 |      0 |      0 |      0 |   1 |    1.0 |
  Orcish Mines |   1028 |    983 |     45 |      0 |    723 |   2 |  514.0 |
   Elven Halls |   4605 |   4212 |    393 |    170 |   2444 |   3 | 1535.0 |
        Vaults |    777 |    777 |      0 |      3 |    314 |   1 |  777.0 |
         Abyss |    711 |    711 |      0 |     25 |    165 |   3 |  237.0 |
       Volcano |    619 |    619 |      0 |    166 |    105 |   1 |  619.0 |
        Wizlab |    728 |    728 |      0 |    107 |    273 |   1 |  728.0 |
      Gauntlet |    307 |    307 |      0 |     17 |      0 |   1 |  307.0 |
         Arena |     23 |     23 |      0 |     20 |      0 |   1 |   23.0 |
               +--------+--------+--------+--------+--------+-----+--------+

Top non-repeatable levels by time:
  Lair:3: 2352 daAuts
     D:1: 1885 daAuts
   Elf:2: 1720 daAuts
     D:2: 1597 daAuts
   Elf:1: 1556 daAuts
     D:4: 1455 daAuts
   Elf:3: 1328 daAuts
     D:5: 1261 daAuts
  Lair:6: 1219 daAuts
     D:6: 1209 daAuts
  Lair:1: 1164 daAuts
  Lair:5: 1111 daAuts
  Lair:4: 1059 daAuts
    D:10: 1032 daAuts
    D:12: 1016 daAuts
